 Dungeon Crawl Stone Soup version 0.17.1-2-g5865329 (webtiles) character file.

222700 Goblin1989 the Alchemist (level 19, -3/137 HPs)
             Began as a Merfolk Transmuter on Jan 9, 2016.
             Was the Champion of Cheibriados.
             Slain by a cyclops (24 damage)
             ... on level 1 of the Vaults on Jan 23, 2016.
             The game lasted 04:17:49 (40295 turns).

Goblin1989 the Alchemist (Merfolk Transmuter)      Turns: 40295, Time: 04:17:49

Health: -3/137     AC: 30    Str: 32    XL:     19   Next: 24%
Magic:  27/32      EV: 18    Int: 32    God:    Cheibriados [******]
Gold:   2440       SH:  0    Dex: 30    Spells: 9 memorised, 8 levels left

rFire  + + .     SeeInvis +       - Unarmed
rCold  + . .     Rnd*Rage +     A - +9 armour of the Dragon King {rPois rF+ rC+ MR+}
rNeg   . . .     SustAt   .     (no shield)
rPois  +         Gourm    .     N - +0 helmet
rElec  .         Spirit   .     q - +2 cloak
rCorr  .         Warding  .     u - +0 pair of gloves
rMut   .         Stasis   .     e - +0 pair of boots
MR     +++..                    B - amulet of regeneration
Stlth  ..........               J - +5 ring of evasion
                                T - ring of protection from magic

@: very slow, extremely resistant to hostile enchantments, extremely unstealthy
A: change form in water, swift swim, molten scales 1, thin metallic scales 1,
see invisible, berserk 1, blink, clever 1, deformed body, fire resistance 1,
frail 1, sense surroundings 1, strong 1, no device heal 1, MP-powered wands
a: Blink, Bend Time, Temporal Distortion, Slouch, Step From Time, Renounce
Religion
}: 1/15 runes: decaying


You were on level 1 of the Vaults.
You worshipped Cheibriados.
Cheibriados was exalted by your worship.
You were not hungry.

You visited 7 branches of the dungeon, and saw 37 of its levels.
You also visited: Sewer.

You collected 3542 gold pieces.
You spent 1102 gold pieces at shops.

Inventory:

Missiles
 a - 242 arrows (quivered)
Armour
 e - a +0 pair of boots (worn)
 q - a +2 cloak (worn)
 u - a +0 pair of gloves (worn)
 A - the +9 armour of the Dragon King (worn) {rPois rF+ rC+ MR+}
   (You found it on level 4 of the Dungeon)

   It protects you from fire.
   It protects you from cold.
   It protects you from poison.
   It affects your resistance to hostile enchantments.
 N - a +0 helmet (worn)
Rods
 b - a +0 rod of the swarm (10/10)
   (You found it on level 5 of the Lair of Beasts)
Jewellery
 o - an uncursed ring of protection from cold
 r - an uncursed ring of positive energy
 v - an uncursed amulet of resist mutation
 B - an amulet of regeneration (around neck)
 C - an uncursed ring of protection from magic
 G - the ring of Birdsong {+/*Tele +Fly rN+ MR- SInv}
   (You found it on level 7 of the Dungeon)

   [ring of teleportation]

   It may teleport you next to monsters, and can be evoked to randomly teleport.
   It protects you from negative energy.
   It affects your resistance to hostile enchantments.
   It lets you see invisible.
   It lets you fly.
 J - a +5 ring of evasion (right hand)
 Q - an uncursed ring of protection from fire
 T - a ring of protection from magic (left hand)
 U - an uncursed amulet of resist corrosion
 W - an uncursed amulet of clarity
 X - an uncursed ring of sustain attributes
Wands
 j - a wand of disintegration (15)
 y - a wand of slowing (31)
 I - a wand of invisibility (3)
 P - a wand of disintegration (6)
Scrolls
 f - 15 scrolls of remove curse
 g - 11 scrolls of identify
 k - 5 scrolls of recharging
 l - a scroll of summoning
 p - 10 scrolls of teleportation
 s - 6 scrolls of fog
 t - 3 scrolls of fear
 z - 3 scrolls of blinking
 D - 4 scrolls of magic mapping
 F - 8 scrolls of enchant armour
 K - 6 scrolls of amnesia
 O - 2 scrolls of holy word
 Y - 4 scrolls of silence
Potions
 h - 14 potions of curing
 n - 4 potions of might
 w - 3 potions of agility
 x - 4 potions of magic
 L - 2 potions of heal wounds
 R - 3 potions of resistance
 V - a potion of flight
Miscellaneous
 E - a box of beasts
 M - a lamp of fire
 S - a fan of gales
Comestibles
 d - 24 bread rations
 i - 11 slices of pizza
 m - 8 meat rations


   Skills:
 + Level 14.5 Fighting
 - Level 9.1 Armour
 - Level 7.9 Dodging
 + Level 16.1 Unarmed Combat
 + Level 9.9 Spellcasting
 - Level 7.6 Charms
 - Level 6.0 Necromancy
 - Level 7.0 Translocations
 - Level 17.0 Transmutations
 - Level 10.6 Invocations
 * Level 9.7 Evocations


You had 8 spell levels left.
You knew the following spells:

 Your Spells              Type           Power        Failure   Level  Hunger
a - Beastly Appendage     Trmt           ######       1%          1    None
b - Sticks to Snakes      Trmt           #######...   1%          2    None
c - Blade Hands           Trmt           #######...   1%          5    ###....
d - Apportation           Tloc           ######....   4%          1    None
e - Regeneration          Chrm/Necr      ######....   14%         3    None
f - Song of Slaying       Chrm           ######..     6%          2    None
g - Repel Missiles        Chrm/Air       #####.       24%         2    None
h - Summon Hydra          Summ           ###.......   100%        7    ######.
i - Statue Form           Trmt/Erth      ######...    100%        6    #####..


Dungeon Overview and Level Annotations

Branches:
Dungeon (15/15)            Temple (1/1) D:6            Lair (8/8) D:9
  Swamp (4/4) Lair:6       Spider (4/4) Lair:5        Slime (0/6) Lair:8
    Orc (4/4) D:10            Elf (0/3) Orc:4        Vaults (1/5) D:13
 Depths (0/5) D:15

Altars:
Ashenzari
Cheibriados
Dithmenos
Elyvilon
Fedhas
Gozag
Kikubaaqudgha
Makhleb
Nemelex Xobeh
Okawaru
Qazlal
Ru
Sif Muna
Trog
Vehumet
Xom
Yredelemnul
Zin
The Shining One
Beogh
Jiyva

Shops:
D:5 (   D:15 [   Orc:2 (   Orc:4 ?::(   Vaults:1 (

Portals:
Trove: D:15 (give 2 potions of cure mutation)

Annotations:
Lair:1 exclusion: oklob plant
Spider:4 exclusions: 3 doors and 3 more exclusions, Nikola


Innate Abilities, Weirdness & Mutations

You revert to your normal form in water.
You are very nimble and swift while swimming.
You are partially covered in molten scales (AC +1).
You are partially covered in thin metallic scales (AC +2).
You have supernaturally acute eyesight.
You tend to lose your temper in combat.
You can translocate small distances at will.
Your mind is acute. (Int +2)
Armour fits poorly on your strangely shaped body.
Your flesh is heat resistant.
You are frail (-10% HP).
You passively map a small area around you.
Your muscles are strong. (Str +2)
Potions and wands are less effective at restoring your health.
You expend magic power (3 MP) to strengthen your wands.


Message History

Your adder bites the ironbrand convoker but does no damage.
Casting: Sticks to Snakes
Confirm with . or Enter, or press ? or * to list all spells.
You create 5 snakes!
Your water moccasin bites the deep troll.
The ironbrand convoker closely misses you.
The deep troll bites your water moccasin!!
The deep troll closely misses your water moccasin.
The deep troll claws your water moccasin!
Your water moccasin dies!
Your adder bites the ironheart preserver.
The ironheart preserver is poisoned.
Your adder poisons the ironheart preserver!
Your adder closely misses the ironbrand convoker.
Your water moccasin bites the ironheart preserver!
You pummel the ironbrand convoker!! You punch the ironbrand convoker.
The ironbrand convoker is almost dead.
The ironbrand convoker barely misses your adder.
The cyclops hits you!!
You die...

...# #.......#.........[....%
...# #.......#.........#.....
#### #.......#.........#.....
...# #.......#.........#.....
...# #.......#.....>...#.(((.
#### #(......#.........+..(..
...# #.......#.........#.(...
...# #......S# ........#.....
...# #....SS@###########.....
...# #....SppCS..............
#### #...GSTpS..........)....
#...†S.†................
#......%...........∩....
#...(..%................
#######.......................
,
........(.....................
,
..............................


You could see an ironheart preserver, a giant orange brain, a deep troll, a
cyclops, 2 ironbrand convokers, 5 friendly water moccasins and 3 friendly
adders.

Vanquished Creatures
  3 thorn hunters
  Roxanne (Spider:4)
  2 ghost moths
  Maud (Orc:4)
  2 vault wardens (Vaults:1)
  4 emperor scorpions
  2 orc warlords (Orc:4)
  A war gargoyle (Vaults:1)
  Snorg (Lair:4)
  6 vault guards
  Josephine (Orc:4)
  A great orb of eyes (Vaults:1)
  4 yaktaur captains (Vaults:1)
  A rakshasa (D:15)
  2 ghost crabs (Swamp:3)
  4 entropy weavers
  2 ogre magi
  24 hydras
  6 centaur warriors
  A catoblepas (Lair:6)
  6 death yaks (Lair:8)
  16 alligators
  A queen ant (Spider:4)
  2 tengu warriors
  5 orc high priests
  A sun demon (D:13)
  Urug (D:10)
  A fire crab (shapeshifter) (Vaults:1)
  An ice devil (D:13)
  5 spriggan druids
  15 swamp dragons
  A giant orange brain (D:15)
  An ironbrand convoker (Vaults:1)
  A deep troll (Vaults:1)
  8 orc knights
  3 shambling mangroves
  8 hill giants
  A wolf spider zombie (D:15)
  5 orc sorcerers
  12 wolf spiders
  29 ugly things
  5 harpies (Vaults:1)
  An orb spider (Spider:1)
  A griffon (Lair:5)
  3 manticores
  9 elephants (Lair:7)
  3 cyclopes
  An octopode (shapeshifter) (D:15)
  2 hornets
  6 black mambas
  3 centaur zombies
  27 spiny frogs
  A vault sentinel (Vaults:1)
  4 torpor snails
  A gargoyle (D:13)
  2 efreet
  13 komodo dragons
  12 demonic crawlers
  2 yaktaurs (Vaults:1)
  A kobold demonologist (D:13)
  4 fire drakes
  A troll (shapeshifter) (Vaults:1)
  A jumping spider (shapeshifter) (D:15)
  9 trolls
  12 giant leeches
  2 polar bears (Lair:8)
  14 jumping spiders
  34 slime creatures
  9 two-headed ogres
  32 blink frogs
  7 bog bodies
  A boulder beetle (Spider:3)
  2 human simulacra (Vaults:1)
  41 redbacks
  16 trapdoor spiders
  A shadow (D:14)
  8 wraiths
  56 yaks
  8 spriggans
  12 tarantellas
  10 hippogriffs
  A wyvern (D:13)
  3 basilisks
  2 deep elf magi
  29 vampire mosquitoes
  3 hungry ghosts
  A yaktaur simulacrum (Vaults:1)
  Menkaure (D:5)
  A wolf (Lair:4)
  8 insubstantial wisps
  4 mottled dragons
  25 swamp worms
  5 soldier ants (Spider:4)
  8 wargs
  17 water moccasins
  A harpy simulacrum (D:15)
  3 ice beasts
  Duvessa (D:5)
  16 swamp drakes
  54 orc warriors
  26 spiders
  25 ogres
  A porcupine (shapeshifter) (D:15)
  Purgy (Sewer)
  3 eyes of draining
  A black bear (Lair:4)
  19 porcupines
  3 sky beasts
  2 phantoms
  6 centaurs
  13 wasps
  A brain worm (Lair:8)
  13 crocodiles
  43 giant frogs
  6 big kobolds
  2 wyvern zombies
  Dowan (D:5)
  A water moccasin zombie (D:9)
  8 scorpions
  13 killer bees (D:11)
  8 crimson imps
  A quasit (D:8)
  9 wights
  3 jellies
  A giant frog zombie (D:13)
  43 orc priests
  7 centaur skeletons
  9 hounds
  2 giant frog skeletons
  18 iguanas
  28 orc wizards
  12 worker ants
  11 sheep
  A hound zombie (D:11)
  4 hound skeletons
  A worker ant zombie (D:9)
  7 adders
  4 gnolls (D:10)
  3 shadow imps
  4 white imps (D:13)
  77 river rats
  An ooze (D:5)
  3 adder skeletons
  An adder zombie (D:8)
  3 giant geckos
  223 orcs
  2 ball pythons (D:3)
  9 bats
  10 goblins
  5 hobgoblins
  11 jackals
  6 quokkas
  10 giant cockroaches
  A giant cockroach zombie (D:5)
  2 giant gecko skeletons (D:4)
  5 giant newts
  A jackal zombie (D:5)
  32 kobolds
  A quokka skeleton (D:4)
  A quokka zombie (D:8)
  8 rats
  A butterfly (Lair:2)
  3 fungi (Lair:7)
  A plant (Lair:8)
1533 creatures vanquished.

Vanquished Creatures (collateral kills)
  6 hydras
  6 orb spiders
  A spiny frog (Swamp:4)
  A demonic crawler (Spider:2)
  A slime creature (Vaults:1)
  A blink frog (Swamp:4)
  2 redbacks
  2 hungry ghosts
  2 vampire mosquitoes (Swamp:4)
  A swamp worm (Swamp:1)
  3 spiders (Spider:1)
  2 giant frogs
  An iguana (Lair:1)
  8 river rats (Lair:1)
  An orc (Vaults:1)
38 creatures vanquished.

Vanquished Creatures (others)
  A wolf spider (Spider:3)
  A redback (Spider:1)
  An orc (Orc:4)
  29 fungi
  5 plants
37 creatures vanquished.

Grand Total: 1608 creatures vanquished

Notes
Turn   | Place    | Note
--------------------------------------------------------------
     0 | D:1      | Goblin1989 the Merfolk Transmuter began the quest for the Orb.
     0 | D:1      | Reached XP level 1. HP: 15/15 MP: 3/3
   231 | D:1      | Reached XP level 2. HP: 19/21 MP: 3/5
   242 | D:1      | Reached skill level 4 in Unarmed Combat
   926 | D:1      | Reached XP level 3. HP: 24/26 MP: 6/6
  1146 | D:2      | Found a bloodstained altar of Trog.
  1175 | D:2      | Reached skill level 5 in Unarmed Combat
  1183 | D:2      | Found an opulent altar of Gozag.
  1183 | D:2      | Found a glowing silver altar of Zin.
  1226 | D:2      | Found a deep blue altar of Sif Muna.
  1282 | D:2      | Found a blossoming altar of Fedhas.
  1495 | D:3      | Reached XP level 4. HP: 19/32 MP: 7/7
  2110 | D:3      | Learned a level 2 spell: Sticks to Snakes
  2312 | D:3      | Found a white marble altar of Elyvilon.
  2570 | D:3      | Reached XP level 5. HP: 37/37 MP: 6/8
  2728 | D:4      | You fall through a shaft for 2 floors!
  2730 | D:6      | Found a staircase to the Ecumenical Temple.
  2741 | Temple   | Entered the Ecumenical Temple
  2861 | Temple   | Became a worshipper of Cheibriados the Contemplative
  3032 | D:6      | Reached skill level 6 in Unarmed Combat
  3183 | D:6      | Learned a level 5 spell: Blade Hands
  3288 | D:6      | Reached XP level 6. HP: 33/44 MP: 6/9
  3470 | D:5      | Entered Level 5 of the Dungeon
  3522 | D:5      | Found a glowing drain.
  3530 | Sewer    | Entered a sewer
  3572 | Sewer    | Noticed Purgy
  3584 | Sewer    | Killed Purgy
  3729 | D:5      | Found Dies's Weapon Boutique.
  4185 | D:4      | Noticed an ogre
  4212 | D:4      | Reached * piety under Cheibriados
  4314 | D:4      | Reached XP level 7. HP: 41/51 MP: 8/10
  4324 | D:4      | Reached skill level 7 in Unarmed Combat
  4887 | D:4      | Found an iron altar of Okawaru.
  4918 | D:4      | Learned a level 1 spell: Apportation
  5089 | D:4      | Reached skill level 5 in Dodging
  5136 | D:4      | Killed an ogre
  5136 | D:4      | Reached ** piety under Cheibriados
  5530 | D:5      | Noticed Duvessa
  5530 | D:5      | Noticed Dowan
  5540 | D:5      | Killed Duvessa
  5540 | D:5      | Reached skill level 8 in Unarmed Combat
  5540 | D:5      | Reached XP level 8. HP: 36/60 MP: 9/11
  5546 | D:5      | Killed Dowan
  5810 | D:5      | Reached skill level 1 in Invocations
  6044 | D:5      | Noticed Menkaure
  6054 | D:5      | Killed Menkaure
  6705 | D:6      | Found a glowing golden altar of the Shining One.
  6705 | D:6      | Found a burning altar of Makhleb.
  6805 | D:6      | Reached *** piety under Cheibriados
  6805 | D:6      | Reached skill level 5 in Fighting
  6955 | D:6      | Reached skill level 9 in Unarmed Combat
  7186 | D:7      | Got a flickering jade ring
  7296 | D:7      | Reached XP level 9. HP: 50/68 MP: 5/12
  8576 | D:8      | Reached **** piety under Cheibriados
  8730 | D:8      | Reached skill level 10 in Unarmed Combat
  9006 | D:8      | Reached skill level 1 in Armour
  9085 | D:8      | Found an ancient bone altar of Kikubaaqudgha.
  9087 | D:8      | Found a sparkling altar of Nemelex Xobeh.
  9087 | D:8      | Found a shimmering altar of Xom.
  9087 | D:8      | Found a radiant altar of Vehumet.
  9088 | D:8      | Found a basalt altar of Yredelemnul.
  9312 | D:9      | Identified the ring of Birdsong {+/*Tele +Fly rN+ MR- SInv} (You found it on level 7 of the Dungeon)
  9413 | D:9      | Reached ***** piety under Cheibriados
  9749 | D:9      | Found a staircase to the Lair.
  9754 | Lair:1   | Entered Level 1 of the Lair of Beasts
  9807 | Lair:1   | Reached XP level 10. HP: 77/77 MP: 13/13
  9941 | Lair:1   | Noticed a seven-headed hydra
  9963 | Lair:1   | Killed a seven-headed hydra
  9963 | Lair:1   | Reached skill level 5 in Invocations
 10106 | Lair:1   | Noticed a komodo dragon
 10106 | Lair:1   | Noticed a spiny frog
 10122 | Lair:1   | Killed a spiny frog
 10122 | Lair:1   | Noticed a spiny frog
 10122 | Lair:1   | Noticed a spiny frog
 10124 | Lair:1   | Noticed a komodo dragon
 10138 | Lair:1   | Killed a komodo dragon
 10140 | Lair:1   | Killed a spiny frog
 10142 | Lair:1   | Noticed a black mamba
 10160 | Lair:1   | Killed a spiny frog
 10504 | Lair:1   | Got a faintly humming leather armour
 10515 | Lair:1   | Identified the cursed +1 leather armour of Muytal {Dex+6} (You found it on level 1 of the Lair of Beasts)
 10538 | Lair:1   | Reached XP level 11. HP: 77/86 MP: 16/16
 10778 | Lair:1   | Reached skill level 5 in Armour
 10778 | Lair:1   | Reached skill level 11 in Unarmed Combat
 10911 | Lair:1   | Killed a komodo dragon
 11001 | Lair:1   | Killed a black mamba
 11620 | Lair:1   | Noticed an oklob plant
 11695 | Lair:1   | Gained mutation: Your spells are a little harder to cast, but a little more powerful. [potion of beneficial mutation]
 11881 | Lair:2   | Reached ****** piety under Cheibriados
 12990 | Lair:3   | Noticed an eight-headed hydra
 12997 | Lair:3   | Killed an eight-headed hydra
 13002 | Lair:3   | Reached XP level 12. HP: 94/94 MP: 19/19
 13950 | Lair:4   | Noticed Snorg
 13973 | Lair:4   | Killed Snorg
 13973 | Lair:4   | Reached skill level 10 in Invocations
 14449 | Lair:5   | Reached skill level 12 in Unarmed Combat
 14464 | Lair:5   | Identified a cursed +0 rod of the swarm (10/10) (You found it on level 5 of the Lair of Beasts)
 14955 | Lair:5   | Found a hole to the Spider Nest.
 14964 | Lair:5   | Reached skill level 5 in Transmutations
 15312 | Lair:6   | Noticed a seven-headed hydra
 15319 | Lair:6   | Killed a seven-headed hydra
 15319 | Lair:6   | Reached skill level 10 in Fighting
 15413 | Lair:6   | Reached XP level 13. HP: 97/103 MP: 20/20
 15867 | Lair:6   | Found a staircase to the Swamp.
 16087 | Lair:7   | Learned a level 3 spell: Regeneration
 16091 | Lair:7   | Learned a level 2 spell: Song of Slaying
 16759 | D:9      | Noticed a three-headed hydra
 16768 | D:9      | Killed a three-headed hydra
 16927 | D:10     | Entered Level 10 of the Dungeon
 17149 | D:10     | Noticed Urug
 17160 | D:10     | Killed Urug
 17181 | D:10     | Found a staircase to the Orcish Mines.
 17719 | Orc:1    | Entered Level 1 of the Orcish Mines
 17962 | Orc:2    | Found Couxt's Weapon Boutique.
 19152 | Orc:4    | Entered Level 4 of the Orcish Mines
 19522 | Orc:4    | Found a roughly hewn altar of Beogh.
 19634 | Orc:4    | Found Epnuposm's Book Emporium.
 19679 | Orc:4    | Found Pouman's Magic Scroll Shoppe.
 19690 | Orc:4    | Reached skill level 10 in Transmutations
 19709 | Orc:4    | Bought a scroll of holy word for 105 gold pieces
 19709 | Orc:4    | Bought a scroll of fog for 28 gold pieces
 19709 | Orc:4    | Bought a scroll of identify for 28 gold pieces
 19709 | Orc:4    | Bought a scroll of silence for 105 gold pieces
 19709 | Orc:4    | Bought a scroll of silence for 105 gold pieces
 19709 | Orc:4    | Bought a scroll of fog for 28 gold pieces
 19709 | Orc:4    | Bought a scroll of identify for 28 gold pieces
 19709 | Orc:4    | Bought a scroll of identify for 28 gold pieces
 19709 | Orc:4    | Bought a scroll of blinking for 105 gold pieces
 20513 | Lair:7   | Reached skill level 13 in Unarmed Combat
 20574 | Lair:7   | Reached XP level 14. HP: 109/113 MP: 21/21
 20913 | Lair:8   | Entered Level 8 of the Lair of Beasts
 21221 | Lair:8   | Reached skill level 5 in Spellcasting
 21466 | Lair:8   | Found a staircase to the Slime Pits.
 21467 | Lair:8   | Found a viscous altar of Jiyva.
 22465 | Orc:4    | Noticed an orc warlord
 22494 | Orc:4    | Killed an orc warlord
 22494 | Orc:4    | Reached skill level 14 in Transmutations
 22720 | Orc:4    | Noticed Maud
 22744 | Orc:4    | Killed Maud
 22978 | Orc:4    | Reached XP level 15. HP: 47/119 MP: 24/24
 23145 | Orc:4    | Found a staircase to the Elven Halls.
 23247 | Orc:4    | Noticed Josephine
 23582 | Lair:4   | Reached skill level 15 in Transmutations
 24104 | Swamp:1  | Entered Level 1 of the Swamp
 24300 | Swamp:1  | Reached skill level 16 in Transmutations
 24712 | Swamp:1  | Reached skill level 17 in Transmutations
 24764 | Swamp:1  | Reached skill level 1 in Translocations
 25473 | Orc:4    | Noticed an orc warlord
 25484 | Orc:4    | Killed Josephine
 25490 | Orc:4    | Killed an orc warlord
 25523 | Orc:4    | Found Nehadyng's Book Shoppe.
 25551 | Orc:4    | Found a roughly hewn altar of Beogh.
 25627 | Orc:4    | Found Opoibli's Antique Weapon Shop.
 26278 | Swamp:2  | Noticed a thorn hunter
 26283 | Swamp:2  | Noticed a thorn hunter
 26291 | Swamp:2  | Killed a thorn hunter
 26299 | Swamp:2  | Reached XP level 16. HP: 61/127 MP: 17/25
 26301 | Swamp:2  | Killed a thorn hunter
 26301 | Swamp:2  | Reached skill level 5 in Translocations
 28069 | Swamp:4  | Entered Level 4 of the Swamp
 28435 | Swamp:4  | Noticed a thorn hunter
 28445 | Swamp:4  | Killed a thorn hunter
 28445 | Swamp:4  | Reached skill level 1 in Charms
 28445 | Swamp:4  | Reached skill level 1 in Necromancy
 28629 | Spider:1 | Entered Level 1 of the Spider Nest
 29016 | Spider:1 | Upgraded the game from 0.17.1-1-g73c8601 to 0.17.1-2-g5865329
 29466 | Spider:2 | Identified a scroll of acquirement
 29467 | Spider:2 | Lost mutation: Your spells are a little harder to cast, but a little more powerful. [potion of cure mutation]
 29526 | Spider:2 | Reached XP level 17. HP: 130/135 MP: 1/27
 29535 | Spider:2 | Gained mutation: Armour fits poorly on your strangely shaped body. [mutagenic meat]
 29536 | Spider:2 | Gained mutation: You have a pair of small horns on your head. [mutagenic meat]
 29537 | Spider:2 | Gained mutation: You are clumsy. (Dex -2) [mutagenic meat]
 29538 | Spider:2 | Gained mutation: You are partially covered in thin metallic scales (AC +2). [mutagenic meat]
 29539 | Spider:2 | Lost mutation: You have a pair of small horns on your head. [mutagenic meat]
 29617 | Spider:2 | Reached skill level 5 in Charms
 30725 | Spider:3 | Reached skill level 5 in Necromancy
 31655 | D:11     | Gained mutation: You passively map a small area around you. [mutagenic meat]
 31656 | D:11     | Gained mutation: You are partially covered in rough black scales (AC +4, Dex -1). [mutagenic meat]
 31657 | D:11     | Gained mutation: You are partially covered in molten scales (AC +1). [mutagenic meat]
 31658 | D:11     | Gained mutation: You are frail (-10% HP). [mutagenic meat]
 31755 | D:11     | Gained mutation: Potions and wands are less effective at restoring your health. [mutagenic meat]
 32003 | D:11     | Gained mutation: You have supernaturally acute eyesight. [mutagenic meat]
 32004 | D:11     | Gained mutation: Your spells are a little easier to cast, but a little less powerful. [mutagenic meat]
 32006 | D:11     | Lost mutation: Armour fits poorly on your strangely shaped body. [mutagenic meat]
 32007 | D:11     | Gained mutation: You can translocate small distances at will. [mutagenic meat]
 32017 | D:11     | Learned a level 7 spell: Ring of Flames
 32716 | D:12     | Found a bloodstained altar of Trog.
 33132 | D:13     | Found a gate to the Vaults.
 33143 | D:13     | Reached skill level 1 in Evocations
 34138 | D:14     | Found a sacrificial altar of Ru.
 34803 | D:15     | Entered Level 15 of the Dungeon
 34805 | D:15     | Found a sacrificial altar of Ru.
 34841 | D:15     | Found a portal to a secret trove of treasure.
 35041 | D:15     | Reached skill level 15 in Unarmed Combat
 35090 | D:15     | Found Zoqeumim's Armour Emporium.
 35166 | D:15     | Learned a level 6 spell: Hydra Form
 35261 | D:15     | Learned a level 7 spell: Summon Hydra
 35290 | D:15     | Reached XP level 18. HP: 13/128 MP: 22/30
 35463 | D:15     | Reached skill level 5 in Evocations
 35856 | D:15     | Gained mutation: Your mind is acute. (Int +2) [mutagenic meat]
 35858 | D:15     | Lost mutation: You are frail (-10% HP). [mutagenic meat]
 35859 | D:15     | Gained mutation: Your muscles are strong. (Str +2) [mutagenic meat]
 35861 | D:15     | Lost mutation: Your spells are a little easier to cast, but a little less powerful. [mutagenic meat]
 35863 | D:15     | Gained mutation: Your magical capacity is low (-10% MP). [mutagenic meat]
 35921 | D:15     | Found a staircase to the Depths.
 36500 | Spider:4 | Entered Level 4 of the Spider Nest
 36791 | Spider:4 | Noticed Roxanne
 36804 | Spider:4 | Killed Roxanne
 36806 | Spider:4 | Identified Roxanne's Reference Book on the Mutagenic Mountains (You took it off Roxanne on level 4 of the Spider Nest)
 36814 | Spider:4 | Learned a level 6 spell: Statue Form
 37040 | Spider:4 | Got a heavily runed scale mail
 37051 | Spider:4 | Identified the +4 scale mail of Card Tricks {Str+3} (You found it on level 4 of the Spider Nest)
 37566 | Spider:4 | Noticed Nikola
 37908 | Swamp:3  | Learned a level 2 spell: Repel Missiles
 38416 | Swamp:4  | Got a decaying rune of Zot
 38806 | Vaults:1 | Entered Level 1 of the Vaults
 38934 | Vaults:1 | Found Vekhlo Xairo's Magic Scroll Shop.
 38947 | Vaults:1 | Bought a scroll of magic mapping for 59 gold pieces
 38947 | Vaults:1 | Bought a scroll of teleportation for 51 gold pieces
 38947 | Vaults:1 | Bought a scroll of identify for 34 gold pieces
 38947 | Vaults:1 | Bought a scroll of amnesia for 59 gold pieces
 38947 | Vaults:1 | Bought a scroll of remove curse for 51 gold pieces
 38947 | Vaults:1 | Bought a scroll of teleportation for 51 gold pieces
 38947 | Vaults:1 | Bought a scroll of magic mapping for 59 gold pieces
 38947 | Vaults:1 | Bought a scroll of teleportation for 51 gold pieces
 38947 | Vaults:1 | Bought a scroll of enchant armour for 127 gold pieces
 39469 | Vaults:1 | Gained mutation: Your flesh is heat resistant. [mutagenic meat]
 39560 | Vaults:1 | Reached XP level 19. HP: 152/152 MP: 21/29
 39615 | Vaults:1 | Gained mutation: Your mind is very acute. (Int +4) [mutagenic meat]
 39616 | Vaults:1 | Lost mutation: You are clumsy. (Dex -2) [mutagenic meat]
 39617 | Vaults:1 | Lost mutation: Your mind is very acute. (Int +4) [mutagenic meat]
 40084 | Vaults:1 | Gained mutation: You tend to lose your temper in combat. [mutagenic meat]
 40085 | Vaults:1 | Lost mutation: Your magical capacity is low (-10% MP). [mutagenic meat]
 40086 | Vaults:1 | Lost mutation: You are partially covered in rough black scales (AC +4, Dex -1). [mutagenic meat]
 40088 | Vaults:1 | Gained mutation: You expend magic power (3 MP) to strengthen your wands. [mutagenic meat]
 40089 | Vaults:1 | Gained mutation: Armour fits poorly on your strangely shaped body. [mutagenic meat]
 40090 | Vaults:1 | Gained mutation: You are frail (-10% HP). [mutagenic meat]
 40110 | Vaults:1 | Found Misoyhuv's Weapon Shop.
 40295 | Vaults:1 | Slain by a cyclops

Action                   |  1- 3 |  4- 6 |  7- 9 | 10-12 | 13-15 | 16-18 | 19-21 || total
-------------------------+-------+-------+-------+-------+-------+-------+-------++-------
Melee: Unarmed           |   143 |   155 |   393 |   720 |  2027 |  2011 |   153 ||  5602
 Cast: Beastly Appendage |    14 |    25 |    39 |       |       |       |       ||    78
       Sticks to Snakes  |       |     1 |     4 |       |    16 |    41 |     5 ||    67
       Blade Hands       |       |       |       |       |     8 |    49 |     4 ||    61
       Apportation       |       |       |       |       |       |     8 |       ||     8
       Regeneration      |       |       |       |       |       |     5 |       ||     5
       Hydra Form        |       |       |       |       |       |     1 |       ||     1
       Repel Missiles    |       |       |       |       |       |     2 |       ||     2
       Song of Slaying   |       |       |       |       |       |     1 |       ||     1
Invok: Temporal Distorti |       |       |       |     2 |       |     1 |       ||     3
       Bend Time         |       |       |       |     1 |     1 |       |       ||     2
       Slouch            |       |       |       |       |     6 |     7 |       ||    13
       Step From Time    |       |       |       |       |     1 |     2 |       ||     3
 Abil: End Transformatio |       |       |       |       |       |     4 |       ||     4
       Blink             |       |       |       |       |       |     8 |     2 ||    10
Evoke: Wand              |       |       |       |     9 |    11 |     6 |       ||    26
       Rod               |       |       |       |     1 |       |       |       ||     1
       Lamp of fire      |       |       |       |       |     1 |     1 |       ||     2
  Use: Scroll            |     5 |     5 |     1 |    14 |     3 |    22 |       ||    50
       Potion            |       |     1 |     1 |    13 |     4 |     4 |       ||    23
 Stab: Sleeping          |     1 |       |       |       |       |       |       ||     1
       Distracted        |       |       |       |     1 |       |     5 |     1 ||     7
       Invisible         |       |       |       |    20 |    10 |     6 |       ||    36
  Eat: Chunk             |     1 |    10 |     7 |     7 |    25 |    59 |    13 ||   122
       Beef jerky        |       |     1 |     2 |       |     1 |     1 |       ||     5
       Meat ration       |       |       |       |     1 |       |     2 |     1 ||     4
       Fruit             |       |       |       |     2 |     4 |     9 |       ||    15
       Royal jelly       |       |       |       |       |     1 |     1 |       ||     2
